 Dungeon Crawl Stone Soup version 0.31-a0-145-g046c7d2549 (webtiles) character file.

Game seed: 14609573065187706622

272 DeathSun the Chopper (level 5, -3/41 HPs)
             Began as a Demigod Warper on June 6, 2023.
             Slain by an iguana (9 damage)
             ... on level 4 of the Dungeon.
             The game lasted 00:10:09 (3676 turns).

DeathSun the Chopper (Demigod Warper)               Turns: 3676, Time: 00:10:10

Health: -3/41      AC:  9    Str: 16    XL:     5   Next: 71%
Magic:  10/10      EV:  7    Int: 15    God:
Gold:   213        SH:  3    Dex: 13    Spells: 3/7 levels left

rFire   . . .        a - +0 hand axe
rCold   . . .        e - +0 buckler
rNeg    . . .        l - +0 chain mail
rPois   .            (no helmet)
rElec   .            o - +0 cloak
rCorr   .            (no gloves)
SInv    .            (no boots)
Will    .....        (no amulet) Stlth
                     (no ring)
HPRegen 0.26/turn    (no ring)
MPRegen 0.12/turn

%: no passive effects
@: brilliant
A: high MP 1, forlorn, divine attributes
a: no special abilities


You were on level 4 of the Dungeon.
You visited 1 branch of the dungeon, and saw 4 of its levels.

You collected 213 gold pieces.

Inventory:

Hand Weapons
 a - a +0 hand axe (weapon)
Missiles
 d - 10 boomerangs of dispersal
 p - 2 poisoned darts (quivered)
Armour
 b - a +0 leather armour
 e - a +0 buckler (worn)
 j - a +0 scale mail
 l - a +0 chain mail (worn)
 o - a +0 cloak (worn)
Jewellery
 t - an amulet of the acrobat
 v - the ring of Forott {Fly rN+ Str+6}
   (You found it on level 4 of the Dungeon)

   [ring of strength]

   Str:       It affects your strength (+6).
   rN:        It protects you from negative energy.
   Fly:       It grants you flight.
Scrolls
 c - a scroll of blinking
 f - a scroll of enchant weapon {unknown}
 h - 3 scrolls of identify {unknown}
 i - a scroll of poison {unknown}
 k - 4 scrolls of teleportation
 m - a scroll of fog {unknown}
 r - 2 scrolls of magic mapping {unknown}
 s - a scroll of noise {unknown}
Potions
 g - a potion of curing {unknown}
 n - a potion of heal wounds {unknown}
 q - a potion of brilliance
 u - a potion of berserk rage {unknown}


   Skills:
 - Level 1.7 Fighting
 * Level 4.8 Axes
 - Level 0.8 Throwing
 - Level 0.8 Armour
 - Level 1.7 Dodging
 - Level 1.7 Spellcasting
 + Level 4.1 Translocations


You had 3 spell levels left.
You knew the following spells:

 Your Spells              Type           Power      Damage    Failure   Level
a - Manifold Assault      Tloc           20%        N/A       100%        4

Your spell library contained the following spells:

 Spells                   Type           Power      Damage    Failure   Level
 Apportation              Tloc           40%        N/A       58%         1
 Blink                    Tloc           40%        N/A       75%         2
 Lesser Beckoning         Tloc           40%        N/A       75%         2
 Teleport Other           Tloc           20%        N/A       92%         3
 Necrotise                Necr           4%         1d4       99%         1
 Summon Small Mammal      Summ           4%         N/A       99%         1
 Sublimation of Blood     Necr           1%         N/A       99%         2
 Wereblood                Tmut           1%         N/A       99%         2
 Vhi's Electric Charge    Tloc/Air       22%        N/A       99%         3
 Stone Arrow              Conj/Erth      2%         3d7       100%        3
 Animate Armour           Summ/Erth      2%         N/A       100%        4
 Summon Hydra             Summ           0%         N/A       100%        7
 Lehudib's Crystal Spear  Conj/Erth      0%         10d2      100%        8


Dungeon Overview and Level Annotations

Branches:
Dungeon (4/15)
 Temple: D:4-7

Annotations:
D:3 Terence


Innate Abilities, Weirdness & Mutations

You have an increased reservoir of magic. (+10% MP)
You shall have no god before yourself.
Your divine heritage dramatically boosts your attributes as you level up.


Message History

The iguana hisses menacingly.
The iguana barely misses you.
You completely miss the iguana.
The iguana is moderately wounded.
You block the iguana's attack.
You hit the iguana.
The iguana is heavily wounded.
The iguana bites you!
You closely miss the iguana.
The iguana is heavily wounded.
The iguana barely misses you. The iguana bites you.
* * * LOW HITPOINT WARNING * * *
You barely miss the iguana.
The iguana is heavily wounded.
The iguana barely misses you.
You barely miss the iguana.
The iguana is heavily wounded.
The iguana bites you but does no damage.
You hit the iguana.
The iguana is severely wounded.
The iguana bites you.
* * * LOW HITPOINT WARNING * * *
You completely miss the iguana.
The iguana is heavily wounded.
You block the iguana's attack.
You closely miss the iguana.
The iguana is heavily wounded.
The iguana barely misses you.
You hit the iguana but do no damage.
The iguana is heavily wounded.
The iguana bites you!
* * * LOW HITPOINT WARNING * * *
You closely miss the iguana.
The iguana is heavily wounded.
The iguana bites you but does no damage.
The iguana barely misses you.
It was a potion of brilliance.
You feel clever all of a sudden. The iguana bites you!
You die...

#.# #.# #####.# #.#
#.....# #.##
#.#######...
#.###.....##
#.#......)..
#...#.###.##
#########.#.# #.##
#@..#.....#.# #...
###l#.#.###.#.# ####
#<[.#....##.#.# #...
##.......##.#.###.##
##..#####.##.#.....#
##.[######....#.....#
#>.......####.##....#
#'######.# ####..(.#
... #....#


You could see an iguana.

Vanquished Creatures
  A jelly (D:3)
  An orc priest (D:3)
  3 gnolls
  8 adders
  3 worms
  2 dart slugs (D:2)
  3 orcs
  11 ball pythons
  12 endoplasms
  4 giant cockroaches
  4 goblins
  11 hobgoblins
  8 jackals (D:1)
  7 kobolds
  3 quokkas
  7 bats
  3 frilled lizards
  5 rats
96 creatures vanquished.

Notes
Turn   | Place    | Note
-------+----------+-------------------------------------------
     0 | D:1      | DeathSun the Demigod Warper began the quest for the Orb.
     0 | D:1      | Reached XP level 1. HP: 17/17 MP: 5/5
   278 | D:1      | Reached XP level 2. HP: 20/24 MP: 7/7
   664 | D:1      | Reached XP level 3. HP: 26/29 MP: 8/8
  1579 | D:2      | Reached XP level 4. HP: 30/36 MP: 9/9
  2492 | D:3      | Reached XP level 5. HP: 41/41 MP: 10/10
  2774 | D:3      | Noticed Terence
  2859 | D:3      | Noticed an orc warrior
  3371 | D:4      | Identified the ring of Forott {Fly rN+ Str+6}
  3378 | D:4      | Learned a level 4 spell: Manifold Assault
  3676 | D:4      | Slain by an iguana

Illustrated notes

Levels and vault maps discovered:
D:1:      lightli_arrival_farm, layout_loops_ring,
          nicolae_ecumenical_snake_handling, supply_closet_lemuel
D:2:      layout_rooms, minmay_joined_circles
D:3:      layout_basic, nemelex_diamond_rough_becter, uniq_robin, uniq_terence
D:4:      layout_basic

Skill      XL: |  1  2  3  4  5 |
---------------+----------------+-----
Axes           | 2 3 4 |  4.8
Translocations | 3 4 |  4.1
Fighting       | |  1.7
Throwing       | |  0.8
Armour         | |  0.8
Dodging        | |  1.7
Spellcasting   | |  1.7

Action                     |  1- 3 |  4- 6 || total
---------------------------+-------+-------++-------
  Melee: Hand axe          |   180 |   259 ||   439
    Use: Scroll            |       |     1 ||     1
         Potion            |       |     1 ||     1
 Armour: Leather armour    |    51 |       ||    51
         Scale mail        |    13 |    14 ||    27
         Chain mail        |       |   136 ||   136
  Dodge: Dodged            |   116 |    93 ||   209
  Block: Buckler           |    27 |    37 ||    64

Table legend: (Time is in decaauts)
 A = Elapsed time spent in this place.
 B = Non-inter-level travel time spent in this place.
 C = Inter-level travel time spent in this place.
 D = Time resting spent in this place.
 E = Time spent auto-exploring this place.
 F = Levels seen in this place.
 G = Mean time per level.
                   A        B        C        D        E       F      G
               +--------+--------+--------+--------+--------+-----+--------+
         Total |   3780 |   3542 |    238 |      0 |   2353 |   4 |  945.0 |
       Dungeon |   3780 |   3542 |    238 |      0 |   2353 |   4 |  945.0 |
               +--------+--------+--------+--------+--------+-----+--------+

Top non-repeatable levels by time:
     D:1: 1408 daAuts
     D:2: 1217 daAuts
     D:3: 807 daAuts
     D:4: 346 daAuts
